 Dungeon Sprint DCSS version 0.30-a0-989-g0d87f670db (webtiles) character file.

Game seed: 14511947340369362650

12444 PLAYERX the Martial Artist (level 11, -14/93 HPs)
             Began as a Gnoll Wanderer on Apr 3, 2023.
             Was the Champion of Makhleb.
             Demolished by a yaktaur captain
             ... wielding a +2 morningstar of holy wrath
              (21 damage)
             ... in the Dungeon (Sprint V: "Ziggurat Sprint").
             The game lasted 00:29:32 (1003 turns).

PLAYERX the Martial Artist (Gnoll Wanderer)         Turns: 1003, Time: 00:29:33

Health: -14/93     AC: 26    Str: 24    XL:     11   Next: 93%
Magic:  26/26      EV: 12    Int: 10    God:    Makhleb [******]
Gold:   0          SH: 30    Dex: 13    Spells: 32/32 levels left

rFire   + . .      SeeInvis .    a - +11 Screaming Sword {sonic wave}
rCold   + + .      Faith    +    e - +18 shield of the Gong {Loud rN+ Will+ rCorr EV-5}
rNeg    + . .      Spirit   .    b - +5 gold dragon scales
rPois   +          Reflect  .    (no helmet)
rElec   .          Rampage  .    (no cloak)
rCorr   +          NoTele   +    z - +2 pair of gloves of the Dancing Gods {Contam rC+ Regen+}
Will    +....                    (no boots)
Stlth   x                          - amulet of faith
HPRegen 1.15/turn                A - +6 ring of strength
MPRegen 0.20/turn                w - ring of the Hare {EV+10}

@: no status effects
A: fangs 1, strong nose, distributed training, strong 1
a: Renounce Religion, Minor Destruction, Lesser Servant of Makhleb, Major
Destruction, Greater Servant of Makhleb


You were in the Dungeon.
You worshipped Makhleb.
Makhleb was exalted by your worship.
You visited 1 branch

Inventory:

Hand Weapons
 a - the +11 Screaming Sword (weapon) {sonic wave}
   (You found it in the Dungeon)
 C - the +5 Lochaber axe {reach-cleave, Poleaxe Drain}
   (You found it in the Dungeon)

   Poleaxe:   It uses either Axes or Polearms skill, whichever is higher.
   Drain:     It drains your maximum health when unequipped.
Missiles
 d - 10 poisoned darts (quivered)
Armour
 b - +5 gold dragon scales (worn)
 e - the +18 shield of the Gong (worn) {Loud rN+ Will+ rCorr EV-5}
   (You found it in the Dungeon)

   Loud:      It is deafeningly noisy when blocking attacks.
   EV:        It affects your evasion (-5).
   rN:        It protects you from negative energy.
   rCorr:     It protects you from acid and corrosion.
   Will:      It increases your willpower.
 z - the +2 pair of gloves of the Dancing Gods (worn) {Contam rC+ Regen+}
   (You found it in the Dungeon)

   rC:        It protects you from cold.
   Contam:    It causes magical contamination when unequipped.
   Regen:     It increases your rate of health regeneration.
Jewellery
 w - the ring of the Hare (right hand) {EV+10}
   (You found it in the Dungeon)

   [ring of evasion]

   EV:        It affects your evasion (+10).
 x - an amulet of faith (around neck)
 A - a +6 ring of strength (left hand)
 B - a +6 ring of strength
Wands
 o - a wand of mindburst (6)
 t - a wand of iceblast (6)
 u - a wand of light (7)
Scrolls
 f - 5 scrolls of blinking
 p - 4 scrolls of amnesia
 q - 7 scrolls of fog
 r - 5 scrolls of identify
 s - 2 scrolls of fear
Potions
 c - 5 potions of might
 g - 7 potions of haste
 h - 10 potions of curing
 i - 3 potions of heal wounds
 j - 7 potions of magic
 k - 2 potions of berserk rage
 l - 2 potions of brilliance
 m - 2 potions of invisibility
 n - 4 potions of resistance
Miscellaneous
 v - a lightning rod (4/4)
 y - a phantom mirror
 D - a box of beasts
 E - a tin of tremorstones (2/2)


   Skills:
 + Level 11.4 Fighting
 + Level 11.4 Short Blades
 + Level 12.2 Long Blades
 + Level 11.4 Axes
 + Level 11.4 Maces & Flails
 + Level 11.4 Polearms
 + Level 11.4 Staves
 + Level 11.4 Ranged Weapons
 + Level 13.0 Throwing
 + Level 11.7 Armour
 + Level 11.4 Dodging
 + Level 11.4 Stealth
 + Level 11.4 Shields
 + Level 13.0 Unarmed Combat
 + Level 11.4 Spellcasting
 + Level 9.6 Conjurations
 + Level 9.6 Hexes
 + Level 9.6 Summonings
 + Level 9.6 Necromancy
 + Level 9.6 Translocations
 + Level 9.6 Transmutations
 + Level 9.6 Fire Magic
 + Level 9.6 Ice Magic
 + Level 9.6 Air Magic
 + Level 9.6 Earth Magic
 + Level 9.6 Poison Magic
 + Level 12.4 Invocations
 + Level 11.7 Evocations


You had 32 spell levels left.
You didn't know any spells.
Your spell library contained the following spells:

 Spells                   Type           Power      Damage    Failure   Level
 Kiss of Death            Conj/Necr      100%       2d13      21%         1
 Slow                     Hex            100%       N/A       21%         1
 Lesser Beckoning         Tloc           50%        N/A       30%         2
 Confusing Touch          Hex            25%        N/A       52%         3
 Dazzling Flash           Conj/Hex       50%        N/A       52%         3
 Portal Projectile        Hex/Tloc       50%        N/A       52%         3
 Tukima's Dance           Hex            25%        N/A       52%         3
 Vampiric Draining        Necr           25%        2d7       52%         3
 Airstrike                Air            12%        2d(2-18)  89%         4
 Iskenderun's Mystic Bla  Conj/Tloc      25%        2d7       89%         4
 Manifold Assault         Tloc           25%        N/A       89%         4
 Arcjolt                  Conj/Air       12%        1d22      99%         5
 Blade Hands              Tmut           12%        N/A       99%         5
 Irradiate                Conj/Tmut      12%        3d15      99%         5
 Summon Forest            Summ/Tloc      12%        N/A       99%         5
 Dispersal                Tloc           12%        N/A       100%        6
 Starburst                Conj/Fire      12%        6d5       100%        6
 Orb of Destruction       Conj           12%        9d7       100%        7
 Disjunction              Tloc           12%        N/A       100%        8


Dungeon Overview and Level Annotations

Branches:
Dungeon (1/1)

Altars:
Ashenzari
Cheibriados
Dithmenos
Elyvilon
Fedhas
Gozag
Hepliaklqana
Kikubaaqudgha
Makhleb
Nemelex Xobeh
Okawaru
Qazlal
Ru
Sif Muna
Trog
Uskayaw
Vehumet
Wu Jian
Xom
Yredelemnul
Zin
The Shining One
Jiyva
Lugonu

Annotations:
D 1 transporter


Innate Abilities, Weirdness & Mutations

You have very sharp teeth.
Your uncanny sense of smell can sniff out nearby items.
Your experience applies equally to all skills.
Your muscles are strong. (Str +4, Int/Dex -1)


Message History

GONNNNG!
You block the bolt.
The merfolk javelineer throws a javelin.
The javelin pierces through you.
* * * LOW HITPOINT WARNING * * *
You feel much better.
The centaur warrior unwields a +0 shortbow.
The centaur warrior hits you. You block the centaur warrior's attack.
PTOANNNG!
The merfolk javelineer throws a javelin.
The javelin pierces through you!
The merfolk javelineer throws a javelin.
The javelin pierces through you!!
* * * LOW HITPOINT WARNING * * *
You block the centaur warrior's attack.
PANG!
You block the centaur warrior's attack.
PTOANNNG!
You feel much better. You block the centaur warrior's attack.
GONNNNG!
You block the centaur warrior's attack.
GONNNNG!
The yaktaur captain unwields a +0 arbalest.
The yaktaur captain wields a +2 morningstar of holy wrath.
It softly glows with a divine radiance!
The yaktaur captain hits you but does no damage.
The merfolk javelineer throws a javelin.
The javelin pierces through you!
* * * LOW HITPOINT WARNING * * *
You slice the yaktaur captain!!
The yaktaur captain is moderately wounded.
The centaur warrior hits you!
* * * LOW HITPOINT WARNING * * *
You block the centaur warrior's attack.
BOUMMMMG!
The merfolk javelineer throws a javelin.
The javelin pierces through you!
* * * LOW HITPOINT WARNING * * *
The yaktaur captain hits you with a +2 morningstar of holy wrath!!
You die...

▓....©....▓...©...▓
▓▓▓▓▓▓▓▓▓▓▓▓▓▓▓▓▓▓▓▓▓
▓...8©8...▓...8©8...▓
∆
▓...)):...▓....[.)..▓
▓..|}}||..▓...||[|..▓
▓....)....▓.........▓
▓...m)m...▓.........▓
▓.....c...▓.....†...▓
▓....@c...▓.........▓
▓.........▓.▓.....▓.▓
▓.▓.....▓.▓....©....▓
▓....©....▓▓▓▓▓▓▓▓▓▓▓
▓▓▓▓▓▓▓▓▓▓▓ ∆∆∆∆∆∆∆∆
∆∆∆∆∆∆∆∆∆ ∆
∆∆∆∆∆∆∆∆∆∆∆∆∆∆∆∆∆∆ ∆
∆∆∆∆∆∆∆∆∆∆∆∆∆∆∆∆∆∆


You could see a yaktaur captain, 2 merfolk javelineers and a centaur warrior.

Vanquished Creatures
  A merfolk javelineer (D)
  2 vault guards (D)
  A peacekeeper (D)
  Erica (D)
  A centaur warrior (D)
  5 ugly things (D)
  An ironbound convoker (D)
  2 shining eyes (D)
  A cyclops (D)
  3 draconians (D)
  2 rime drakes (D)
  2 yaktaurs (D)
  4 merfolk (D)
  2 slime creatures (D)
  Eustachio (D)
  A human (shapeshifter) (D)
  2 steam dragons (D)
  Edmund (D)
  Duvessa (D)
  3 hell hounds (D)
  A swamp drake (D)
  A boggart (D)
  A centaur (D)
  A necrophage (D)
  Dowan (D)
  Crazy Yiuf (D)
  4 jellies (D)
  An iron imp (D)
  2 orc wizards (D)
  An ufetubus (D)
  2 adder zombies (D)
  2 orcs (D)
  A ball python skeleton (D)
  2 quokka skeletons (D)
58 creatures vanquished.

Vanquished Creatures (collateral kills)
  An ugly thing (D)
  A centaur (D)
2 creatures vanquished.

Grand Total: 60 creatures vanquished

Notes
Turn   | Place    | Note
-------+----------+-------------------------------------------
     0 | D        | PLAYERX the Gnoll Wanderer began the quest for the Orb.
     0 | D        | PLAYERX set off with the following items: a +0 falchion, 2
                  | potions of haste, a potion of might, 10 poisoned darts, a
                  | +0 dagger, 2 scrolls of blinking, a +0 leather armour, a
                  | potion of curing, a potion of heal wounds, 2 potions of
                  | magic, a potion of berserk rage.
     0 | D        | Reached XP level 1. HP: 13/13 MP: 1/1
     2 | D        | Found a blossoming altar of Fedhas.
     2 | D        | Found the +6 Majin-Bo {spellvamp, MP+6 Int+6}
     2 | D        | Found the +27 heavy crossbow "Sniper" {heavy, Acc+∞ SInv}
     2 | D        | Found the +10 dark maul {heavy}
     2 | D        | Found the +15 Maxwell's patent armour {-Cast -Tele rElec
                  | Will+ rCorr}
     2 | D        | Found the +18 shield of the Gong {Loud rN+ Will+ rCorr
                  | EV-5}
     2 | D        | Found the +16 obsidian axe {drain, demonic, Mesm Drain Fly
                  | SInv}
     2 | D        | Found the +7 great mace "Firestarter" {flame, inner flame,
                  | rFlCloud rF++}
     2 | D        | Found the +6 shillelagh "Devastator" {shatter}
     2 | D        | Found the +11 plutonium sword {Contam Stlth-}
     2 | D        | Found the +8 lance "Wyrmbane" {slay drac, rPois rF+ rC+
                  | AC+3}
     2 | D        | Found the +9 sword of Zonguldrok {reap}
     2 | D        | Found the +13 scythe of Curses {drain, curses, Drain}
     2 | D        | Found the +9 sword of Power {lifebolt}
     2 | D        | Found the +7 mace of Variability {chaos, chain chaos}
     2 | D        | Found the +11 Singing Sword {sonic wave}
     2 | D        | Found the +8 storm bow {elec, penet}
     3 | D        | Found a viscous altar of Jiyva.
     3 | D        | Found a transporter.
     3 | D        | Found a hazy altar of Hepliaklqana.
     3 | D        | Found an ancient bone altar of Kikubaaqudgha.
     3 | D        | Found an opulent altar of Gozag.
     3 | D        | Found a corrupted altar of Lugonu.
     6 | D        | Found a burning altar of Makhleb.
     7 | D        | Found a stormy altar of Qazlal.
     7 | D        | Found a sacrificial altar of Ru.
     7 | D        | Found an iron altar of Okawaru.
     7 | D        | Found a shimmering blue altar of Sif Muna.
     7 | D        | Found a sparkling altar of Nemelex Xobeh.
     7 | D        | Found a bloodstained altar of Trog.
    64 | D        | Reached skill level 5 in Long Blades
    64 | D        | Reached XP level 2. HP: 23/23 MP: 1/5
   207 | D        | Became a worshipper of Makhleb the Destroyer
   226 | D        | Entered arena 2.
   226 | D        | Noticed a necrophage
   226 | D        | Found a transporter.
   228 | D        | Killed a necrophage
   229 | D        | Reached XP level 3. HP: 29/29 MP: 5/7
   229 | D        | Reached XP level 4. HP: 35/35 MP: 5/8
   237 | D        | Entered arena 3.
   237 | D        | Found the ring of the Hare {EV+10}
   237 | D        | Noticed a draconian
   237 | D        | Noticed a draconian
   237 | D        | Noticed a draconian
   237 | D        | Found a transporter.
   248 | D        | Killed a draconian
   248 | D        | Reached * piety under Makhleb
   248 | D        | Killed a draconian
   249 | D        | Reached skill level 5 in Conjurations
   249 | D        | Reached skill level 5 in Hexes
   249 | D        | Reached skill level 5 in Summonings
   249 | D        | Reached skill level 5 in Necromancy
   249 | D        | Reached skill level 5 in Translocations
   249 | D        | Reached skill level 5 in Transmutations
   249 | D        | Reached skill level 5 in Fire Magic
   249 | D        | Reached skill level 5 in Ice Magic
   249 | D        | Reached skill level 5 in Air Magic
   249 | D        | Reached skill level 5 in Earth Magic
   249 | D        | Reached skill level 5 in Poison Magic
   249 | D        | Reached XP level 5. HP: 31/46 MP: 7/13
   249 | D        | Reached XP level 6. HP: 35/52 MP: 8/15
   249 | D        | Reached XP level 7. HP: 39/58 MP: 8/16
   249 | D        | Killed a draconian
   250 | D        | Reached XP level 8. HP: 51/65 MP: 8/18
   348 | D        | Got the ring of Yloar {rC+ Str+2 Int+6}
   352 | D        | Entered arena 4.
   352 | D        | Found a transporter.
   360 | D        | Reached ** piety under Makhleb
   374 | D        | Entered arena 5.
   374 | D        | Noticed a merfolk
   374 | D        | Noticed a merfolk
   374 | D        | Noticed a merfolk
   374 | D        | Noticed a merfolk
   374 | D        | Found a transporter.
   385 | D        | Killed a merfolk
   385 | D        | Reached *** piety under Makhleb
   386 | D        | Killed a merfolk
   389 | D        | Killed a merfolk
   390 | D        | Reached skill level 10 in Throwing
   390 | D        | Reached skill level 10 in Unarmed Combat
   390 | D        | Reached XP level 9. HP: 52/72 MP: 18/20
   400 | D        | Killed a merfolk
   569 | D        | Entered arena 6.
   569 | D        | Noticed a rime drake
   569 | D        | Noticed a rime drake
   569 | D        | Found a transporter.
   574 | D        | Killed a rime drake
   574 | D        | Reached **** piety under Makhleb
   576 | D        | Killed a rime drake
   581 | D        | Reached ***** piety under Makhleb
   762 | D        | Got the Compilation of Kinetic Energy
   768 | D        | Got the +2 pair of gloves of the Dancing Gods {Contam rC+
                  | Regen+}
   776 | D        | Entered arena 7.
   776 | D        | Noticed a vault guard
   776 | D        | Noticed an ironbound convoker
   776 | D        | Noticed a vault guard
   776 | D        | Noticed a peacekeeper
   776 | D        | Noticed a yaktaur
   782 | D        | Killed a yaktaur
   783 | D        | Killed an ironbound convoker
   783 | D        | Killed a peacekeeper
   784 | D        | Reached skill level 10 in Long Blades
   784 | D        | Reached XP level 10. HP: 43/83 MP: 21/23
   786 | D        | HP: 3/83 [vault guard/+3 war axe (33)]
   789 | D        | Killed a vault guard
   790 | D        | Reached skill level 10 in Invocations
   790 | D        | Killed a vault guard
   832 | D        | Found a transporter.
   849 | D        | Entered arena 8.
   849 | D        | Noticed Crazy Yiuf
   849 | D        | Noticed Dowan
   849 | D        | Noticed Duvessa
   849 | D        | Noticed Edmund
   849 | D        | Noticed Erica
   849 | D        | Noticed Eustachio
   850 | D        | Found a transporter.
   853 | D        | Killed Edmund
   853 | D        | Killed Eustachio
   854 | D        | Reached skill level 10 in Armour
   854 | D        | Reached skill level 10 in Evocations
   855 | D        | Killed Erica
   856 | D        | Killed Crazy Yiuf
   859 | D        | Killed Duvessa
   860 | D        | Killed Dowan
   860 | D        | Reached ****** piety under Makhleb
   870 | D        | Got the Tractate on Nonlocality and Thunder
   876 | D        | Entered arena 9.
   876 | D        | Noticed a shining eye
   879 | D        | Killed a shining eye
   880 | D        | Reached skill level 10 in Fighting
   880 | D        | Reached skill level 10 in Short Blades
   880 | D        | Reached skill level 10 in Axes
   880 | D        | Reached skill level 10 in Maces & Flails
   880 | D        | Reached skill level 10 in Polearms
   880 | D        | Reached skill level 10 in Staves
   880 | D        | Reached skill level 10 in Ranged Weapons
   880 | D        | Reached skill level 10 in Dodging
   880 | D        | Reached skill level 10 in Stealth
   880 | D        | Reached skill level 10 in Shields
   880 | D        | Reached skill level 10 in Spellcasting
   880 | D        | Reached XP level 11. HP: 83/90 MP: 23/25
   880 | D        | Found a transporter.
   905 | D        | Entered arena 10.
   905 | D        | Found the +5 Lochaber axe {reach-cleave, Poleaxe Drain}
   905 | D        | Noticed a shining eye
   905 | D        | Noticed a brown ugly thing
   905 | D        | Noticed a green ugly thing
   905 | D        | Noticed a red ugly thing
   905 | D        | Noticed a brown ugly thing
   905 | D        | Noticed a red ugly thing
   905 | D        | Noticed a cyan ugly thing
   909 | D        | Killed a brown ugly thing
   910 | D        | Killed a cyan ugly thing
   913 | D        | Killed a red ugly thing
   915 | D        | Killed a white ugly thing
   916 | D        | Gained mutation: Your muscles are strong. (Str +4, Int/Dex
                  | -1) [a shining eye]
   917 | D        | Killed a shining eye
   921 | D        | Killed a brown ugly thing
   921 | D        | Killed a red ugly thing
   922 | D        | Found a transporter.
   960 | D        | Entered arena 11.
   960 | D        | Found the +6 lightning scales {swift, rElec}
   961 | D        | Found a transporter.
   993 | D        | Entered arena 12.
   993 | D        | Noticed a merfolk javelineer
   993 | D        | Noticed a centaur warrior
   993 | D        | Noticed a cyclops
   993 | D        | Noticed a centaur warrior
   994 | D        | Identified the +4 great sword of Inference {speed, Int+8
                  | SInv Stlth+}
   994 | D        | Noticed a merfolk javelineer
   994 | D        | Noticed a merfolk javelineer
   994 | D        | Noticed a yaktaur captain
   997 | D        | Killed a centaur warrior
   997 | D        | Killed a cyclops
   997 | D        | Killed a merfolk javelineer
   998 | D        | Found a transporter.
  1003 | D        | Demolished by a yaktaur captain

Illustrated notes

Levels and vault maps discovered:
D:        sprint_v [room_start, room_1, room_2, room_3, room_4, room_5, room_6,
          room_7, room_8, room_9, room_10, room_11, room_12, room_13, room_14,
          room_15, room_16, room_17, room_18, room_19, room_20, room_21,
          room_22, room_23, room_24, room_25, room_26, room_27]

Skill      XL: |  1  2  3  4  5  6  7  8  9 10 11 |
---------------+----------------------------------+-----
Fighting       | 2 3 6 7 9 10 11 | 11.4
Short Blades   | 2 3 6 7 9 10 11 | 11.4
Long Blades    | 5 7 8 10 11 12 | 12.2
Axes           | 2 3 6 7 9 10 11 | 11.4
Maces & Flails | 2 3 6 7 9 10 11 | 11.4
Polearms       | 2 3 6 7 9 10 11 | 11.4
Staves         | 2 3 6 7 9 10 11 | 11.4
Ranged Weapons | 2 3 6 7 9 10 11 | 11.4
Throwing       | 7 9 10 11 13 | 13.0
Armour         | 3 4 6 7 8 9 10 11 | 11.7
Dodging        | 2 3 6 7 9 10 11 | 11.4
Stealth        | 2 3 6 7 9 10 11 | 11.4
Shields        | 2 3 6 7 9 10 11 | 11.4
Unarmed Combat | 7 9 10 11 13 | 13.0
Spellcasting   | 2 3 6 7 9 10 11 | 11.4
Conjurations   | 2 5 6 7 8 9 |  9.6
Hexes          | 2 5 6 7 8 9 |  9.6
Summonings     | 2 5 6 7 8 9 |  9.6
Necromancy     | 2 5 6 7 8 9 |  9.6
Translocations | 2 5 6 7 8 9 |  9.6
Transmutations | 2 5 6 7 8 9 |  9.6
Fire Magic     | 2 5 6 7 8 9 |  9.6
Ice Magic      | 2 5 6 7 8 9 |  9.6
Air Magic      | 2 5 6 7 8 9 |  9.6
Earth Magic    | 2 5 6 7 8 9 |  9.6
Poison Magic   | 2 5 6 7 8 9 |  9.6
Invocations    | 2 3 6 7 8 9 10 12 | 12.4
Evocations     | 3 4 6 7 8 9 10 11 | 11.7

Action                     |  1- 3 |  4- 6 |  7- 9 | 10-12 || total
---------------------------+-------+-------+-------+-------++-------
  Melee: Double sword      |     1 |     8 |    38 |    39 ||    86
         Bite              |       |     1 |     4 |     4 ||     9
 Invoke: Lesser Servant of |       |       |     4 |       ||     4
         Major Destruction |       |       |     2 |     7 ||     9
         Minor Destruction |       |       |     2 |       ||     2
         Greater Servant o |       |       |       |     5 ||     5
  Evoke: Wand              |       |       |     2 |       ||     2
         Phantom mirror    |       |       |       |     1 ||     1
         Tin of tremorston |       |       |       |     1 ||     1
    Use: Potion            |     1 |     1 |     4 |     4 ||    10
   Stab: Confused          |       |       |     1 |       ||     1
 Armour: Gold dragon scale |       |     8 |    21 |    17 ||    46
  Dodge: Dodged            |       |     2 |     9 |    16 ||    27
  Block: Kite shield       |     3 |    20 |    67 |    74 ||   164

Table legend: (Time is in decaauts)
 A = Elapsed time spent in this place.
 B = Non-inter-level travel time spent in this place.
 C = Inter-level travel time spent in this place.
 D = Time resting spent in this place.
 E = Time spent auto-exploring this place.
 F = Levels seen in this place.
 G = Mean time per level.
                   A        B        C        D        E       F      G
               +--------+--------+--------+--------+--------+-----+--------+
         Total |   1027 |   1027 |      0 |    503 |      0 |   1 | 1027.0 |
       Dungeon |   1027 |   1027 |      0 |    503 |      0 |   1 | 1027.0 |
               +--------+--------+--------+--------+--------+-----+--------+

Top non-repeatable levels by time:
       D: 1027 daAuts
